 Dungeon Crawl Stone Soup version 0.17-a0-701-gb6462b4 (webtiles) character file.

13386 talyn the Carver (level 11, -12/97 HPs)
             Began as a Minotaur Fighter on Apr 19, 2015.
             Was a Priest of Ashenzari.
             Killed from afar by a frost giant (30 damage)
             ... with a bolt of cold
             ... in an ice cave.
             The game lasted 00:35:17 (10881 turns).

talyn the Carver (Minotaur Fighter)                Turns: 10881, Time: 00:35:18

Health: -12/97     AC: 20    Str: 26 (27) XL:     11   Next: 74%
Magic:  17/17      EV: 10    Int:  5      God:    Ashenzari [***...]
Gold:   608        SH: 10    Dex: 13      Spells: 0 memorised, 10 levels left

rFire  . . .     SeeInvis .     a - +2 long sword (curse)
rCold  + . .     Clarity  .     r - +3 scale mail "Veaze" {-Cast rC+ rCorr Stlth+} (curse)
rNeg   . . .     SustAb   .     c - +0 shield
rPois  .         Gourm    .     (helmet restricted)
rElec  .         Spirit   .     o - +2 cloak {MR+} (curse)
rCorr  +         Warding  .     j - +1 pair of gloves
rMut   +         Stasis   .     (no boots)
MR     +....     NoCast   +     n - amulet of resist mutation
Stlth  +.........               C - +6 ring of strength (curse)
                                e - +3 ring of protection

@: somewhat resistant to hostile enchantments, very unstealthy
A: retaliatory headbutt, horns 2
a: Scrying, Renounce Religion


You were in an ice cave.
You worshipped Ashenzari.
Ashenzari was most pleased with you.
You were not hungry.

You visited 3 branches of the dungeon, and saw 11 of its levels.
You also visited: Sewer and Ice Cave.

You collected 797 gold pieces.
You spent 189 gold pieces at shops.

Inventory:

Hand weapons
 a - a cursed +2 long sword (weapon)
Armour
 c - a +0 shield (worn)
 j - a +1 pair of gloves (worn)
 o - a cursed +2 cloak of magic resistance (worn)
 r - the cursed +3 scale mail "Veaze" (worn) {-Cast rC+ rCorr Stlth+}
   (You bought it in a shop on level 4 of the Dungeon)

   It protects you from cold.
   It prevents spellcasting.
   It protects you from acid and corrosion.
   It makes you more stealthy.
   It has a curse placed upon it.
Jewellery
 e - a +3 ring of protection (left hand)
 n - an amulet of resist mutation (around neck)
 p - an uncursed ring of positive energy
 B - an uncursed ring of poison resistance
 C - a cursed +6 ring of strength (right hand)
Magical devices
 s - a wand of confusion (28)
 w - a wand of magic darts (35)
 y - a wand of polymorph (8)
 z - a wand of polymorph (4)
 F - a wand of magic darts (0)
 L - a wand of digging (9)
Scrolls
 f - 4 scrolls of curse armour
 h - 3 scrolls of teleportation
 l - 3 scrolls of magic mapping
 v - a scroll of curse weapon
 x - a scroll of amnesia
 E - 5 scrolls of remove curse
 H - a scroll of identify
 I - 2 scrolls of blinking
Potions
 g - a potion of curing
 k - a potion of resistance {unknown}
 t - a potion of cancellation
 u - a potion of degeneration
 G - a potion of agility {unknown}
Miscellaneous
 J - a sack of spiders
Comestibles
 b - 6 meat rations
 d - 9 fruits
 D - 9 royal jellies


   Skills:
 - Level 9.0 Fighting
 - Level 14.0(16.5) Long Blades
 - Level 8.6 Armour
 - Level 4.0 Dodging
 - Level 3.6 Shields
 + Level 9.8 Evocations


You had 10 spell levels left.
You didn't know any spells.

Dungeon Overview and Level Annotations

Branches:
Dungeon (8/15)             Temple (1/1) D:5            Lair (2/8) D:8

Altars:
Ashenzari
Cheibriados
Dithmenos
Elyvilon
Fedhas
Gozag
Kikubaaqudgha
Makhleb
Nemelex Xobeh
Okawaru
Qazlal
Ru
Sif Muna
Trog
Vehumet
Xom
Yredelemnul
Zin
The Shining One

Shops:
D:4 [   D:8 (


Innate Abilities, Weirdness & Mutations

You reflexively headbutt those who attack you in melee.
You have a pair of horns on your head.


Message History

The polar bear closely misses you.
You slash the polar bear!
The polar bear is almost dead.
The polar bear bites you but does no damage.
The polar bear claws you but does no damage.
You block the polar bear's attack.
The polar bear is engulfed in freezing vapours.
You hit the polar bear but do no damage.
You headbutt the polar bear, but do no damage.
The polar bear is almost dead.
The polar bear barely misses you. You block the polar bear's attack.
You block the polar bear's attack. The polar bear bites you!
* * * LOW HITPOINT WARNING * * *
The polar bear claws you but does no damage.
The polar bear barely misses you.
You hit the polar bear.
You kill the polar bear!
The frost giant points at you and mumbles some strange words.
The bolt of cold hits you! You resist.
You die...

* *
≈≈#≈≈≈##.##.##
≈
≈#≈≈≈≈≈#..#.##
≈
*≈#≈≈##.##..#
≈≈≈≈ #.###.# *
* ≈≈ ##.#.##
≈≈ ≈ #....#
≈*** ##.#.# *
∩* ###.## * ,
≈≈*##@# **, *
≈ ##†# ,, ≈ ≈
#hC# , ≈ #h##
≈≈ #.## ≈ ##.#
≈≈*#Y# #{C#
*#{h##


You could see a frost giant and 2 polar bears.

Vanquished Creatures
  4 death yaks (IceCv)
  The ghost of sugabear the Shield-Bearer, an experienced GrFi of Kikubaaqudgha (D:6)
  A spiny frog (Lair:1)
  8 polar bears (IceCv)
  The ghost of sugabear the Shield-Bearer, an average GrFi (D:3)
  3 blink frogs (Lair:1)
  A basilisk (Lair:1)
  9 yaks (IceCv)
  A hungry ghost (D:7)
  A hippogriff (Lair:2)
  12 wolves (IceCv)
  A soldier ant (D:8)
  3 porcupines (Lair:1)
  2 ice beasts (D:8)
  A sky beast (D:5)
  A wasp (D:8)
  A phantom (D:4)
  6 ogres
  3 orc warriors
  A crocodile (Lair:1)
  A big kobold (D:8)
  2 centaurs
  10 giant frogs
  A gnoll sergeant (D:8)
  3 scorpions
  5 killer bees (D:4)
  A centaur zombie (D:5)
  5 orc wizards
  3 crimson imps
  A goliath beetle (D:8)
  A wasp zombie (D:6)
  A giant frog skeleton (D:5)
  A giant frog zombie (D:5)
  A jelly (D:5)
  Crazy Yiuf (D:2)
  4 orc priests
  A gnoll shaman (D:6)
  6 hounds
  3 iguanas
  Jessica (D:5)
  Natasha (D:4)
  7 worker ants
  21 gnolls
  15 adders
  16 river rats
  2 shadow imps (D:5)
  An adder zombie (D:6)
  2 oozes
  4 worms
  3 giant geckos
  26 orcs
  8 giant cockroaches
  15 goblins
  10 hobgoblins
  20 kobolds
  7 quokkas
  2 ball pythons (Sewer)
  8 bats
  A giant gecko skeleton (D:4)
  10 giant newts
  2 giant spores (D:7)
  11 jackals
  A jackal skeleton (D:6)
  A quokka skeleton (D:5)
  15 rats
  2 ballistomycetes (D:7)
  A plant (Sewer)
325 creatures vanquished.

Vanquished Creatures (others)
  A polar bear (IceCv)
  4 yaks (IceCv)
  A wolf (IceCv)
6 creatures vanquished.

Grand Total: 331 creatures vanquished

Notes
Turn   | Place    | Note
--------------------------------------------------------------
     0 | D:1      | talyn, the Minotaur Fighter, began the quest for the Orb.
     0 | D:1      | Reached XP level 1. HP: 19/19 MP: 0/0
   264 | D:1      | Reached XP level 2. HP: 26/26 MP: 1/1
   998 | D:2      | Reached skill level 4 in Long Blades
  1072 | D:2      | Reached XP level 3. HP: 31/31 MP: 2/2
  1235 | D:2      | Reached skill level 5 in Long Blades
  1327 | D:2      | Reached XP level 4. HP: 39/39 MP: 3/3
  1637 | D:2      | Noticed Crazy Yiuf
  1647 | D:2      | Killed Crazy Yiuf
  1831 | D:3      | Reached skill level 6 in Long Blades
  1837 | D:3      | Reached XP level 5. HP: 43/45 MP: 4/4
  1942 | D:3      | Reached skill level 7 in Long Blades
  2002 | D:3      | Noticed sugabear's ghost (average GrFi)
  2010 | D:3      | Killed sugabear's ghost
  2010 | D:3      | Reached skill level 8 in Long Blades
  2010 | D:3      | Reached XP level 6. HP: 45/51 MP: 5/5
  2407 | D:4      | Reached skill level 9 in Long Blades
  2410 | D:4      | Reached XP level 7. HP: 33/57 MP: 6/6
  2457 | D:4      | Reached skill level 10 in Long Blades
  2775 | D:4      | Found Firhuts's Antique Armour Boutique.
  2778 | D:4      | Bought a polished scale mail for 189 gold pieces
  2788 | D:4      | Identified the +3 scale mail "Veaze" {-Cast rC+ rCorr Stlth+} (You bought it in a shop on level 4 of the Dungeon)
  2990 | D:4      | Found a white marble altar of Elyvilon.
  3004 | D:4      | Found a shadowy altar of Dithmenos.
  3553 | D:4      | Reached skill level 11 in Long Blades
  3562 | D:4      | Noticed Natasha
  3566 | D:4      | Killed Natasha
  3566 | D:4      | Reached XP level 8. HP: 56/64 MP: 7/7
  3711 | D:5      | Entered Level 5 of the Dungeon
  3732 | D:5      | Found a stormy altar of Qazlal.
  3876 | D:5      | Found a staircase to the Ecumenical Temple.
  3947 | Temple   | Entered the Ecumenical Temple
  4016 | Temple   | Became a worshipper of Ashenzari the Shackled
  4159 | D:5      | Found a glowing drain.
  4163 | Sewer    | Entered a sewer
  4777 | D:5      | Reached skill level 12 in Long Blades
  4778 | D:5      | Noticed Jessica
  4783 | D:5      | Killed Jessica
  4795 | D:5      | Found a deep blue altar of Sif Muna.
  5111 | D:5      | Reached skill level 13 in Long Blades
  5603 | D:6      | Noticed sugabear's ghost (experienced GrFi)
  5676 | D:6      | Killed sugabear's ghost
  5676 | D:6      | Reached skill level 14 in Long Blades
  5676 | D:6      | Reached XP level 9. HP: 43/70 MP: 8/8
  5679 | D:6      | Reached skill level 1 in Evocations
  5969 | D:6      | Found a radiant altar of Vehumet.
  6390 | D:6      | Found a stormy altar of Qazlal.
  6394 | D:6      | Found an iron altar of Okawaru.
  6397 | D:6      | Found a blossoming altar of Fedhas.
  6661 | D:7      | Reached skill level 5 in Evocations
  6689 | D:7      | Acquired Ashenzari's first power
  6942 | D:7      | Reached skill level 1 in Dodging
  7024 | D:7      | Identified the +7 whip of Eggir {freeze, rC+}
  7024 | D:7      | Found a sacrificial altar of Ru.
  7369 | D:8      | Found a staircase to the Lair.
  7551 | D:8      | Reached XP level 10. HP: 48/77 MP: 13/13
  7754 | D:8      | Found Unuel's Weapon Boutique.
  8049 | D:8      | Reached skill level 5 in Armour
  8049 | D:8      | Paralysed by a wasp for 3 turns
  8413 | Lair:1   | Entered Level 1 of the Lair of Beasts
  8432 | Lair:1   | Acquired Ashenzari's second power
  9357 | Lair:2   | Reached skill level 5 in Fighting
  9652 | Lair:2   | Found a frozen archway.
  9663 | IceCv    | Entered an ice cave
  9863 | IceCv    | Reached XP level 11. HP: 80/94 MP: 14/14
 10011 | IceCv    | Noticed a death yak
 10011 | IceCv    | Noticed a death yak
 10028 | IceCv    | Killed a death yak
 10050 | IceCv    | Killed a death yak
 10824 | IceCv    | Noticed a death yak
 10824 | IceCv    | Noticed a death yak
 10824 | IceCv    | Noticed a frost giant
 10841 | IceCv    | Killed a death yak
 10853 | IceCv    | Killed a death yak
 10881 | IceCv    | Killed from afar by a frost giant

Action                   |  1- 3 |  4- 6 |  7- 9 | 10-12 || total
-------------------------+-------+-------+-------+-------++-------
Melee: Long sword        |    68 |    92 |   551 |   383 ||  1094
Evoke: Wand              |       |       |       |    17 ||    17
  Use: Scroll            |     3 |     6 |    16 |     5 ||    30
       Potion            |       |     2 |     4 |     9 ||    15
 Stab: Confused          |       |       |       |     2 ||     2
       Fleeing           |       |       |       |     1 ||     1
  Eat: Chunk             |     1 |       |     4 |     2 ||     7
       Bread ration      |       |     1 |     3 |     1 ||     5
       Beef jerky        |       |       |     3 |     1 ||     4
